 Dungeon Sprint DCSS version 0.27-a0-1256-gced786f65e (webtiles) character file.

Game seed: 4912977578096736476

9337 mhtbhm the Brawler (level 11, -4/102 HPs)
             Began as a Ghoul Monk on June 11, 2021.
             Was the Champion of Makhleb.
             Slain by Urug
             ... wielding a +4 halberd
              (24 damage)
             ... in the Dungeon (Sprint IX: "|||||||||||||||||||||||||||||").
             The game lasted 00:05:11 (2147 turns).

mhtbhm the Brawler (Ghoul Monk)                     Turns: 2147, Time: 00:05:12

Health: -4/102     AC:  9    Str: 22    XL:     11   Next: 44%
Magic:  16/16      EV: 18    Int:  5    God:    Makhleb [******]
Gold:   43         SH:  0    Dex: 11    Spells: 5/10 levels left

rFire    . . .     SeeInvis .     - Unarmed
rCold    + . .     Faith    .   (no shield)
rNeg     + + +     Spirit   .   a - +0 troll leather armour
rPois    ∞         Reflect  .   i - +0 helmet
rElec    .         Harm     .   j - +0 cloak
rCorr    .         Rampage  .   (no gloves)
Will     .....     NoTele   +   w - +0 pair of boots
Stlth    ++++......             (no amulet)
HPRegen  0.00/turn              k - +3 ring of strength
MPRegen  0.15/turn              l - +2 ring of evasion

@: no status effects
A: claws 1, cold resistance 1, negative energy resistance 3, inhibited
regeneration, torment resistance 2
a: Renounce Religion, Minor Destruction, Lesser Servant of Makhleb, Major
Destruction, Greater Servant of Makhleb


You were in the Dungeon.
You worshipped Makhleb.
Makhleb was exalted by your worship.
You visited 1 branch You collected 43 gold pieces.

Inventory:

Missiles
 m - a throwing net (quivered)
Armour
 a - a +0 troll leather armour (worn)
 i - a +0 helmet (worn)
 j - a +0 cloak (worn)
 w - a +0 pair of boots (worn)
Jewellery
 k - a +3 ring of strength (left claw)
 l - a +2 ring of evasion (right claw)
Wands
 h - a wand of acid (2)
 n - a wand of paralysis (4)
Scrolls
 f - 2 scrolls of blinking
 g - 2 scrolls of amnesia
 r - 3 scrolls of identify
 s - a scroll of fear
 t - 2 scrolls of enchant armour
 u - a scroll of fog
 v - a scroll of magic mapping
Potions
 b - 5 potions of curing
 d - a potion of invisibility
 e - 4 potions of magic
 o - a potion of haste
 p - a potion of might
 q - a potion of brilliance


   Skills:
 + Level 11.2 Fighting
 + Level 1.5 Throwing
 + Level 8.0 Armour
 + Level 11.7 Dodging
 + Level 9.3 Stealth
 + Level 17.9 Unarmed Combat
 * Level 9.2 Invocations
 + Level 4.4 Evocations


You had 5 spell levels left.
You knew the following spells:

 Your Spells              Type           Power      Damage    Failure   Level
a - Freezing Cloud        Conj/Ice/Air   0%         6-21      100%        5

Your spell library contained the following spells:

 Spells                   Type           Power      Damage    Failure   Level
 Poisonous Vapours        Pois/Air       0%         N/A       65%         2
 Airstrike                Air            0%         N/A       99%         4
 Bolt of Magma            Conj/Fire/Erth 0%         4d4       100%        5


Dungeon Overview and Level Annotations

Branches:
Dungeon (1/1)

Altars:
Cheibriados
Dithmenos
Elyvilon
Fedhas
Gozag
Hepliaklqana
Kikubaaqudgha
Makhleb
Nemelex Xobeh
Okawaru
Qazlal
Ru
Sif Muna
Trog
Uskayaw
Vehumet
Wu Jian
Xom
Yredelemnul
Zin
The Shining One
Beogh
Jiyva
Lugonu

Annotations:
D Urug


Innate Abilities, Weirdness & Mutations

You thrive by killing the living.
You are immune to poison.
You have sharp fingernails.
Your flesh is cold resistant. (rC+)
You are immune to negative energy. (rN+++)
You do not regenerate when monsters are visible.
You are immune to unholy pain and torment.


Message History

You barely miss Urug.
Urug is heavily wounded.
Urug hits you with a +4 halberd!!
You are too injured to fight recklessly!
You are too injured to fight recklessly!
You are too injured to fight recklessly!
You are too injured to fight recklessly!
You are too injured to fight recklessly!
You are too injured to fight recklessly!
You are too injured to fight recklessly!
You are too injured to fight recklessly!
You are too injured to fight recklessly!
You are too injured to fight recklessly!
You are too injured to fight recklessly!
You are too injured to fight recklessly!
You feel much better. Urug barely misses you.
Press: ? - help, v - describe, . - travel
Here: Urug, wielding a +4 halberd, wearing a +3 scale mail of willpower and quivering javelins (moderately wounded)
The floor, spattered with blood.
Unknown command.
Okay, then.
A demon appears!
Urug hits you with a +4 halberd!!
Unknown command.
You closely miss Urug. You claw Urug.
Urug is heavily wounded.
Urug hits you with a +4 halberd!
* * * LOW HITPOINT WARNING * * *
You closely miss Urug.
Urug is heavily wounded.
Your smoke demon hits Urug but does no damage.
Your smoke demon hits Urug.
Your smoke demon barely misses Urug.
Unknown command.
You closely miss Urug.
Urug is heavily wounded.
Urug barely misses you.
Your smoke demon barely misses Urug.
Your smoke demon closely misses Urug.
Your smoke demon barely misses Urug.
You claw Urug! x2
Urug is almost dead.
Urug hits you with a +4 halberd!!
You die...

▓▓▓▓▓▓▓▓▓▓▓▓▓▓▓▓▓▓▓▓▓▓▓▓▓▓▓▓▓▓▓▓▓
.))').).[)).[....)..'____________
▓▓▓▓▓▓▓▓▓▓▓▓▓▓▓▓▓▓▓▓▓▓▓▓▓▓▓▓▓▓▓▓▓
......)..........................
▓▓▓▓▓▓▓▓▓▓▓▓▓▓▓▓▓▓▓▓▓▓▓▓▓▓▓▓▓▓▓▓▓
.[[[...'.)[........÷'........†'[.
▓▓▓▓▓▓▓▓▓▓▓▓▓▓▓▓▓▓▓▓▓▓▓▓▓▓▓▓▓▓▓▓▓
................@o3.....
▓▓▓▓▓▓▓▓▓▓▓▓▓▓▓▓▓▓▓▓▓▓▓▓


You could see Urug (ally target) and a friendly smoke demon (summoned).

Vanquished Creatures
  Harold (D)
  A hydra (D)
  A centaur warrior (D)
  A tengu warrior (D)
  A death yak (D)
  An ugly thing (D)
  A water nymph (shapeshifter) (D)
  4 cane toads (D)
  A rime drake (D)
  A kobold demonologist (D)
  A komodo dragon (D)
  2 tyrant leeches (D)
  A polar bear (D)
  2 trolls (D)
  4 blink frogs (D)
  A shadow (D)
  3 yaks (D)
  A steam dragon (D)
  A vampire mosquito (D)
  4 water moccasins (D)
  An orc warrior (D)
  A centaur (D)
  An ogre (D)
  A bullfrog (D)
  A hound (D)
  2 iguanas (D)
  An adder zombie (D)
  2 endoplasms (D)
  A jackal (D)
  A ball python zombie (D)
  A bat (D)
  A kobold (D)
47 creatures vanquished.

Vanquished Creatures (collateral kills)
  A two-headed ogre (D)
  A yak (D)
2 creatures vanquished.

Grand Total: 49 creatures vanquished

Notes
Turn   | Place    | Note
-------+----------+-------------------------------------------
     0 | D        | mhtbhm the Ghoul Monk began the quest for the Orb.
     0 | D        | Reached XP level 1. HP: 19/19 MP: 0/0
     3 | D        | Banished a spatial maelstrom
    12 | D        | Banished a spatial maelstrom
    22 | D        | Reached skill level 4 in Unarmed Combat
    72 | D        | Noticed an iguana
    72 | D        | Noticed an iguana
    72 | D        | Noticed an ogre
    72 | D        | Noticed a hound
    82 | D        | Killed a hound
    83 | D        | Reached skill level 5 in Unarmed Combat
    83 | D        | Reached XP level 2. HP: 24/28 MP: 1/1
    83 | D        | Reached XP level 3. HP: 30/35 MP: 2/2
    86 | D        | Killed an ogre
    87 | D        | Reached skill level 5 in Dodging
    87 | D        | Reached skill level 7 in Unarmed Combat
    87 | D        | Reached XP level 4. HP: 23/44 MP: 3/3
    87 | D        | Reached XP level 5. HP: 27/50 MP: 4/4
   145 | D        | Found a snail-covered altar of Cheibriados.
   145 | D        | Found a shadowy altar of Dithmenos.
   145 | D        | Found a blossoming altar of Fedhas.
   145 | D        | Found an opulent altar of Gozag.
   146 | D        | Found a hazy altar of Hepliaklqana.
   147 | D        | Found a viscous altar of Jiyva.
   148 | D        | Found an ancient bone altar of Kikubaaqudgha.
   149 | D        | Found a corrupted altar of Lugonu.
   150 | D        | Found a burning altar of Makhleb.
   151 | D        | Found a sparkling altar of Nemelex Xobeh.
   152 | D        | Found an iron altar of Okawaru.
   153 | D        | Found a stormy altar of Qazlal.
   154 | D        | Found a sacrificial altar of Ru.
   155 | D        | Found a shimmering blue altar of Sif Muna.
   156 | D        | Found a bloodstained altar of Trog.
   157 | D        | Found a hide-covered altar of Uskayaw.
   158 | D        | Found a radiant altar of Vehumet.
   159 | D        | Found an ornate altar of the Wu Jian Council.
   160 | D        | Found a shimmering altar of Xom.
   164 | D        | Became a worshipper of Makhleb the Destroyer
   164 | D        | Reached * piety under Makhleb
   164 | D        | Reached ** piety under Makhleb
   168 | D        | Found a basalt altar of Yredelemnul.
   274 | D        | Noticed a centaur
   274 | D        | Noticed a shadow
   274 | D        | Noticed a troll
   274 | D        | Noticed an orc warrior
   274 | D        | Noticed a kobold demonologist
   277 | D        | Noticed an ice devil
   288 | D        | Killed a shadow
   288 | D        | Killed a centaur
   289 | D        | Reached skill level 5 in Stealth
   289 | D        | Reached skill level 10 in Unarmed Combat
   289 | D        | Reached XP level 6. HP: 12/61 MP: 5/5
   289 | D        | Killed a kobold demonologist
   289 | D        | Killed an orc warrior
   289 | D        | Reached *** piety under Makhleb
   289 | D        | Killed a troll
   290 | D        | Reached skill level 12 in Unarmed Combat
   290 | D        | Reached skill level 1 in Evocations
   290 | D        | Reached XP level 7. HP: 36/70 MP: 6/6
   290 | D        | Reached XP level 8. HP: 40/78 MP: 7/7
   577 | D        | Noticed a two-headed ogre
   577 | D        | Noticed a centaur warrior
   577 | D        | Noticed a white ugly thing
   577 | D        | Noticed a troll
   577 | D        | Noticed a harpy
   577 | D        | Noticed a tengu warrior
   580 | D        | Killed a troll
   587 | D        | Noticed a komodo dragon
   587 | D        | a harpy changed into a komodo dragon
   588 | D        | Killed a tengu warrior
   588 | D        | Reached **** piety under Makhleb
   589 | D        | Reached skill level 13 in Unarmed Combat
   589 | D        | Reached XP level 9. HP: 31/85 MP: 8/8
   687 | D        | Noticed a water nymph
   703 | D        | Killed a water nymph
   704 | D        | Reached skill level 10 in Fighting
   704 | D        | Reached skill level 5 in Armour
   704 | D        | Reached skill level 10 in Dodging
   710 | D        | Killed a white ugly thing
   711 | D        | Reached skill level 14 in Unarmed Combat
   714 | D        | Killed a two-headed ogre
   719 | D        | Killed a centaur warrior
   967 | D        | Noticed Harold
   982 | D        | Paralysed by Harold for 4 turns
   989 | D        | Killed Harold
   990 | D        | Reached skill level 15 in Unarmed Combat
   990 | D        | Reached skill level 5 in Invocations
   990 | D        | Reached XP level 10. HP: 46/94 MP: 11/13
  1143 | D        | Got the Grimoire of Fiery Flight
  1162 | D        | Learned a level 5 spell: Freezing Cloud
  1162 | D        | Noticed an eight-headed hydra
  1168 | D        | Killed an eight-headed hydra
  1172 | D        | Reached ***** piety under Makhleb
  1214 | D        | Reached skill level 16 in Unarmed Combat
  1456 | D        | Noticed a death yak
  1456 | D        | Noticed a cane toad
  1461 | D        | Killed a cane toad
  1469 | D        | Killed a death yak
  1469 | D        | Reached ****** piety under Makhleb
  1470 | D        | Reached skill level 1 in Throwing
  1470 | D        | Reached XP level 11. HP: 41/101 MP: 15/15
  1510 | D        | Reached skill level 17 in Unarmed Combat
  2129 | D        | Noticed Urug
  2147 | D        | Slain by Urug

Illustrated notes

Levels and vault maps discovered:
D:        linesprint [early_d, line_temple, items_1, d_10, items_2, lair_1,
          lair_end, items_3, orc_1, orc_end, items_4, d_15, swamp_1, shoals_1,
          snake_1, spider_1, d_20, vaults_1, items_5, swamp_end, shoals_end,
          snake_end, spider_end, vaults_end, d_27, items_6, zot_1, zot_end,
          crypt_end, forest_end, elf_end, slime_end, tomb_end, abyss_end,
          pan_hell_end]

Skill      XL: |  1  2  3  4  5  6  7  8  9 10 11 |
---------------+----------------------------------+-----
Dodging        | 4 5 7 8 9 10 11 | 11.7
Unarmed Combat | 5 7 10 12 13 15 16 17 | 17.9
Fighting       | 4 6 7 9 10 11 | 11.2
Stealth        | 3 5 6 7 8 9 |  9.3
Armour         | 2 3 4 6 7 8 |  8.0
Evocations     | 1 2 3 4 |  4.4
Invocations    | 5 7 9 |  9.2
Throwing       | 1 |  1.5

Action                   |  1- 3 |  4- 6 |  7- 9 | 10-12 || total
-------------------------+-------+-------+-------+-------++-------
Melee: Unarmed           |    28 |    19 |    42 |   136 ||   225
       Punch             |     3 |       |     3 |    12 ||    18
Throw: Throwing net      |       |       |       |     3 ||     3
Invok: Lesser Servant of |       |       |     1 |     2 ||     3
Evoke: Wand              |       |     3 |     5 |       ||     8
  Use: Potion            |     1 |     2 |       |     3 ||     6
 Stab: Sleeping          |     1 |       |       |       ||     1
       Held in net/web   |       |       |       |     2 ||     2
Armor: Robe              |     7 |       |       |       ||     7
       Chain mail        |       |    10 |       |       ||    10
       Troll leather arm |       |       |    11 |    18 ||    29
Dodge: Dodged            |    18 |     6 |    26 |    69 ||   119

Table legend: (Time is in decaauts)
 A = Elapsed time spent in this place.
 B = Non-inter-level travel time spent in this place.
 C = Inter-level travel time spent in this place.
 D = Time resting spent in this place.
 E = Time spent auto-exploring this place.
 F = Levels seen in this place.
 G = Mean time per level.
                   A        B        C        D        E       F      G
               +--------+--------+--------+--------+--------+-----+--------+
         Total |   2071 |   2071 |      0 |   1452 |    103 |   1 | 2071.0 |
       Dungeon |   2071 |   2071 |      0 |   1452 |    103 |   1 | 2071.0 |
               +--------+--------+--------+--------+--------+-----+--------+

Top non-repeatable levels by time:
       D: 2071 daAuts
